Islanders vs Maple Leafs

Created - 22 février 2018 at 15:55

Goals
1 2 3 T
Islanders 1 2 0 3
Maple Leafs 3 1 2 6
Shots
1 2 3 T
Islanders 11 14 10 35
Maple Leafs 11 10 17 38

1st period

1. Maple Leafs , Tanner Pearson 5 (Ryan O'Reilly 20, Roman Josi 36) at 7:43 (PP)
2. Islanders , Randall Gelech 6 (Mike Lundin 15, Drew Stafford 12) at 13:51
3. Maple Leafs , Nazem Kadri 17 (Roman Josi 37) at 16:12
4. Maple Leafs , Chris Phillips 6 (Nazem Kadri 19, Shawn Weller 15) at 16:32

Penalties :
Zach Dalpe (TOR) for Hooking (Minor) at 2:25, Casey Cizikas (NYI) for Hooking (Minor) at 2:25, Adam Pardy (NYI) for Hooking (Minor) at 6:10, Randall Gelech (NYI) for Hooking (Minor) at 10:06, Brandon Rogers (TOR) for Hooking (Minor) at 18:30

2nd period

5. Maple Leafs , Shawn Weller 14 (Nazem Kadri 20, Michael Del Zotto 26) at 4:55
6. Islanders , Janne Lahti 7 (Mike Lundin 16, Tomas Fleischmann 8) at 15:48 (PP)
7. Islanders , Marian Hossa 36 (Janne Lahti 18, Mike Lundin 17) at 18:25

Penalties :
Michael Del Zotto (TOR) for Interference (Minor) at 14:01

3rd period

8. Maple Leafs , Nick Foligno 12 (Tom Walsh 23, Michael Del Zotto 27) at 1:56
9. Maple Leafs , Tom Walsh 6 (Nazem Kadri 21, Vincent Trocheck 10) at 12:45 (PP)

Penalties :
Randall Gelech (NYI) for Hooking (Minor) at 2:20, Randall Gelech (NYI) for Close Hand On Puck (Minor) at 6:24, Adam Pardy (NYI) for Tripping (Minor) at 8:57, Michael Ryder (NYI) for Tripping (Minor) at 12:12, Shawn Weller (TOR) for Tripping (Minor) at 13:55

Goalie Stats

Sergei Bobrovsky (NYI), 32 saves from 38 shots - (0,842), L, 21-15-5, 60:00 minutes
Robert Esche (TOR), 32 saves from 35 shots - (0,914), W, 7-8-2, 60:00 minutes

Players Stats for Islanders

Player Name              G  A  P  +/- PIM S  H  SB GA TA FO     MP     PP MP  PK MP  
------------------------------------------------------------------------------------
Adam Pardy               0  0  0   0  4   1  4  0  0  0  0/0    15:31   0:00   0:18 
Anthony Stewart          0  0  0   0  0   0  0  0  0  0  0/1     8:17   0:00   4:53 
Brian Sipotz             0  0  0   0  0   0  9  0  0  0  0/0    22:37   3:12   5:04 
Casey Cizikas            0  0  0   0  2   0  0  0  0  0  9/15    7:30   0:00   4:53 
Daniel Tjarnqvist        0  0  0   0  0   0  0  1  0  0  0/0    21:57   2:33   5:04 
Denis Tolpeko            0  0  0   0  0   0  0  0  0  0  0/0     7:47   0:00   5:09 
Drew Stafford            0  1  1   1  0   2  0  0  0  0  0/0     8:49   0:00   0:00 
Grant Clitsome           0  0  0  -2  0   2  5  4  0  0  0/0    22:11   2:33   4:58 
Janne Lahti              1  1  2   0  0   3  0  1  0  0  1/3    17:57   2:54   0:00 
Jarkko Immonen           0  0  0   1  0   1  0  0  0  0  8/22   13:31   0:00   5:09 
Joe Thornton             0  0  0  -3  0   4  0  1  0  0  15/31  19:48   2:51   0:00 
Marian Hossa             1  0  1   0  0   8  1  0  0  0  0/1    17:57   2:54   0:00 
Michael Ryder            0  0  0  -3  2   6  6  0  0  0  2/3    19:47   2:51   0:00 
Mike Lundin              0  3  3  -2  0   1  1  0  0  0  0/0    17:49   3:12   0:00 
Randall Gelech           1  0  1   1  6   1  5  0  0  0  1/1     8:46   0:00   0:00 
Tomas Fleischmann        0  1  1   0  0   2  0  0  0  0  11/26  17:57   2:54   0:00 
Trevor Van Riemsdyk      0  0  0   0  0   1  0  0  0  0  0/0    19:53   0:00   4:40 
Wayne Simmonds           0  0  0  -3  0   3  1  0  0  0  0/1    19:48   2:51   0:00 

Players Stats for Maple Leafs

Player Name              G  A  P  +/- PIM S  H  SB GA TA FO     MP     PP MP  PK MP  
------------------------------------------------------------------------------------
Brandon Rogers           0  0  0  -1  2   2  4  0  0  0  0/0    15:01   0:00   0:00 
Brandon Yip              0  0  0  -1  0   2  4  0  0  0  0/0     9:49   0:00   0:00 
Chris Phillips           1  0  1   2  0   2  2  2  0  0  0/0    24:15   4:51   3:21 
Mats Zuccarello          0  0  0   1  0   0  0  0  0  0  0/1    14:32   0:00   0:00 
Michael Del Zotto        0  2  2   1  2   0  3  0  0  0  0/0    12:22   0:00   0:00 
Morgan Rielly            0  0  0  -1  0   3  2  0  0  0  0/0    23:43   5:11   2:24 
Nazem Kadri              1  3  4   2  0   6  0  0  0  0  12/20  16:25   5:16   0:00 
Nick Foligno             1  0  1   1  0   1  3  0  0  0  1/2    13:20   0:00   0:00 
Oleg Kvasha              0  0  0   0  0   1  1  0  0  0  1/1    11:41   0:00   2:58 
Riley Armstrong          0  0  0   0  0   0  0  0  0  0  0/0     9:28   0:00   0:00 
Roman Josi               0  2  2   2  0   5  0  3  0  0  0/0    24:39   5:11   3:21 
Ryan O'Reilly            0  1  1   1  0   0  1  0  0  0  17/37  21:40   4:46   2:47 
Shawn Weller             1  1  2   2  2   2  2  0  0  0  0/1    15:07   4:46   0:00 
Tanner Pearson           1  0  1  -1  0   3  1  0  0  0  1/1    17:22   4:46   2:47 
Tom Walsh                1  1  2   1  0   4  1  1  0  0  0/0    19:58   4:51   2:24 
Vincent Trocheck         0  1  1  -1  0   3  0  0  0  0  17/28  18:03   5:16   2:58 
William Nylander         0  0  0   2  0   4  0  0  0  0  0/1    16:05   5:16   0:00 
Zach Dalpe               0  0  0   0  2   0  1  1  0  0  8/12    8:42   0:00   0:00 

3 Stars

1 - Nazem Kadri (TOR)
2 - Tom Walsh (TOR)
3 - Chris Phillips (TOR)

Power Play

Islanders - 1 on 3 Attempt(s) - 33,33%
Maple Leafs - 2 on 6 Attempt(s) - 33,33%

Penalty Kill

Islanders - 4 on 6 Attempt(s) - 66,67% - Score 0 goal in Penalty Kill
Maple Leafs - 2 on 3 Attempt(s) - 66,67% - Score 0 goal in Penalty Kill

Team Stat

Islanders - Hits : 32 - Faceoff Wins : 47 - Blocked Shots : 7 - Penalty Minutes : 14
Maple Leafs - Hits : 25 - Faceoff Wins : 57 - Blocked Shots : 7 - Penalty Minutes : 8

Official

Referees : Ian Walsh and Jarrod Ragusin
Linesman : Jim Briggs and Nikolaus Diehr

Game Notes

No Game Note

Finance

Level 1 -- Attendance: 6263 (96,35%) -- Ticket Income 720 245 $
Level 2 -- Attendance: 5366 (97,56%) -- Ticket Income 386 352 $
Level 3 -- Attendance: 2186 (87,44%) -- Ticket Income 104 928 $
Level 4 -- Attendance: 3994 (88,76%) -- Ticket Income 123 814 $
Luxury Box -- Attendance: 1803 (80,13%) -- Ticket Income 351 585 $
Game was played at the Air Canada Centre.
Total Attendance: 19612 (92,29%)
Total Ticket Income: 1 686 924 $
Other Income: 826 593 $
Total Income: 2 513 517 $

Islanders

5 vs 5 Forward 
   Center                   Left Wing                Right Wing               Time % Phy DF OF 
 1 Joe Thornton             Wayne Simmonds           Michael Ryder            36     0   1  4  
 2 Tomas Fleischmann        Janne Lahti              Marian Hossa             33     0   2  3  
 3 Jarkko Immonen           Drew Stafford            Randall Gelech           21     0   2  3  
 4 Casey Cizikas            Denis Tolpeko            Anthony Stewart          10     0   2  3  

5 vs 5 Defense 
   Defense                  Defense                                           Time % Phy DF OF 
 1 Daniel Tjarnqvist        Brian Sipotz                                      35     0   2  3  
 2 Mike Lundin              Grant Clitsome                                    33     1   2  2  
 3 Trevor Van Riemsdyk      Adam Pardy                                        32     1   2  2  
 4 Mike Lundin              Trevor Van Riemsdyk                               0      1   2  2  

PowerPlay Forward 
   Center                   Left Wing                Right Wing               Time % Phy DF OF 
 1 Joe Thornton             Wayne Simmonds           Michael Ryder            60     0   0  5  
 2 Tomas Fleischmann        Janne Lahti              Marian Hossa             40     0   0  5  

PowerPlay Defense
   Defense                  Defense                                           Time % Phy DF OF 
 1 Brian Sipotz             Mike Lundin                                       60     0   1  4  
 2 Daniel Tjarnqvist        Grant Clitsome                                    40     0   1  4  

Penalty Kill 4 Players Forward 
   Center                   Wing                     Time % Phy DF OF 
 1 Casey Cizikas            Anthony Stewart          50     0   5  0  
 2 Jarkko Immonen           Denis Tolpeko            50     0   5  0  

Penalty Kill 4 Players Defense
   Defense                  Defense                  Time % Phy DF OF 
 1 Brian Sipotz             Daniel Tjarnqvist        50     0   5  0  
 2 Trevor Van Riemsdyk      Grant Clitsome           50     0   5  0  

Penalty Kill - 3 Players Forward 
   Forward                                           Time % Phy DF OF 
 1 Anthony Stewart                                   50     0   5  0  
 2 Casey Cizikas                                     50     0   5  0  

Penalty Kill - 3 Players Defense
   Defense                  Defense                  Time % Phy DF OF 
 1 Daniel Tjarnqvist        Brian Sipotz             50     0   5  0  
 2 Grant Clitsome           Trevor Van Riemsdyk      50     0   5  0  

4 vs 4 Forward 
   Center                   Wing                     Time % Phy DF OF 
 1 Jarkko Immonen           Anthony Stewart          50     0   2  3  
 2 Randall Gelech           Drew Stafford            50     0   2  3  

4 vs 4 Defense
   Defense                  Defense                  Time % Phy DF OF 
 1 Trevor Van Riemsdyk      Mike Lundin              50     0   3  2  
 2 Adam Pardy               Grant Clitsome           50     0   3  2  

Last Minutes Offensive
   Center                   Left Wing                Right Wing               Defense                  Defense                  
   Joe Thornton             Wayne Simmonds           Marian Hossa             Brian Sipotz             Daniel Tjarnqvist        

Last Minutes Defensive
   Center                   Left Wing                Right Wing               Defense                  Defense                  
   Joe Thornton             Wayne Simmonds           Marian Hossa             Brian Sipotz             Daniel Tjarnqvist        

Goaltenders
Starting : Sergei Bobrovsky         
Backup : Garret Sparks            

Extra Forwards
Normal : Drew Stafford, Jarkko Immonen, Randall Gelech - PP : Drew Stafford, Jarkko Immonen - PK : Randall Gelech
Extra Defensemen
Normal : Brian Sipotz, Mike Lundin, Adam Pardy - PP : Trevor Van Riemsdyk - PK : Grant Clitsome, Daniel Tjarnqvist
Penalty Shots
Marian Hossa, Joe Thornton, Michael Ryder, Wayne Simmonds, Janne Lahti
Custom OT Lines Forwards
Marian Hossa, Joe Thornton, Michael Ryder, Wayne Simmonds, Janne Lahti, Drew Stafford, Tomas Fleischmann, Jarkko Immonen, Randall Gelech, Denis Tolpeko
Custom OT Lines Defensemen
Daniel Tjarnqvist, Trevor Van Riemsdyk, Brian Sipotz, Grant Clitsome, Adam Pardy

Scratches
Henrik Sedin (Exhaustion), Brian Strait (Sprained Right Finger Injury)

Maple Leafs

5 vs 5 Forward 
   Center                   Left Wing                Right Wing               Time % Phy DF OF 
 1 Ryan O'Reilly            Nick Foligno             Mats Zuccarello          29     1   1  3  
 2 Nazem Kadri              Shawn Weller             William Nylander         26     1   2  2  
 3 Vincent Trocheck         Tanner Pearson           Brandon Yip              25     1   2  2  
 4 Zach Dalpe               Oleg Kvasha              Riley Armstrong          20     1   2  2  

5 vs 5 Defense 
   Defense                  Defense                                           Time % Phy DF OF 
 1 Morgan Rielly            Brandon Rogers                                    34     1   2  2  
 2 Chris Phillips           Roman Josi                                        33     1   2  2  
 3 Michael Del Zotto        Tom Walsh                                         33     1   2  2  
 4 Roman Josi               Morgan Rielly                                     0      1   2  2  

PowerPlay Forward 
   Center                   Left Wing                Right Wing               Time % Phy DF OF 
 1 Vincent Trocheck         William Nylander         Nazem Kadri              50     1   1  3  
 2 Ryan O'Reilly            Shawn Weller             Tanner Pearson           50     1   1  3  

PowerPlay Defense
   Defense                  Defense                                           Time % Phy DF OF 
 1 Morgan Rielly            Roman Josi                                        50     1   1  3  
 2 Tom Walsh                Chris Phillips                                    50     1   1  3  

Penalty Kill 4 Players Forward 
   Center                   Wing                     Time % Phy DF OF 
 1 Vincent Trocheck         Oleg Kvasha              50     1   3  1  
 2 Ryan O'Reilly            Tanner Pearson           50     1   3  1  

Penalty Kill 4 Players Defense
   Defense                  Defense                  Time % Phy DF OF 
 1 Morgan Rielly            Tom Walsh                50     1   4  0  
 2 Roman Josi               Chris Phillips           50     1   4  0  

Penalty Kill - 3 Players Forward 
   Forward                                           Time % Phy DF OF 
 1 Nazem Kadri                                       50     0   4  1  
 2 Ryan O'Reilly                                     50     0   4  1  

Penalty Kill - 3 Players Defense
   Defense                  Defense                  Time % Phy DF OF 
 1 Brandon Rogers           Tom Walsh                50     1   3  1  
 2 Roman Josi               Chris Phillips           50     1   3  1  

4 vs 4 Forward 
   Center                   Wing                     Time % Phy DF OF 
 1 Zach Dalpe               Mats Zuccarello          50     1   2  2  
 2 Ryan O'Reilly            Nazem Kadri              50     1   2  2  

4 vs 4 Defense
   Defense                  Defense                  Time % Phy DF OF 
 1 Chris Phillips           Morgan Rielly            50     1   2  2  
 2 Tom Walsh                Roman Josi               50     1   2  2  

Last Minutes Offensive
   Center                   Left Wing                Right Wing               Defense                  Defense                  
   Nazem Kadri              Shawn Weller             Ryan O'Reilly            Chris Phillips           Brandon Rogers           

Last Minutes Defensive
   Center                   Left Wing                Right Wing               Defense                  Defense                  
   Nazem Kadri              Shawn Weller             Ryan O'Reilly            Chris Phillips           Brandon Rogers           

Goaltenders
Starting : Robert Esche             
Backup : Corey Crawford           

Extra Forwards
Normal : Riley Armstrong, Ryan O'Reilly, Nazem Kadri - PP : Ryan O'Reilly, Nazem Kadri - PK : Zach Dalpe
Extra Defensemen
Normal : Roman Josi, Tom Walsh, Chris Phillips - PP : Roman Josi - PK : Chris Phillips, Tom Walsh
Penalty Shots
Riley Armstrong, Shawn Weller, Vincent Trocheck, Ryan O'Reilly, Nazem Kadri
Custom OT Lines Forwards
Zach Dalpe, Riley Armstrong, Tanner Pearson, Mats Zuccarello, Ryan O'Reilly, Nazem Kadri, Shawn Weller, Vincent Trocheck, William Nylander, Oleg Kvasha
Custom OT Lines Defensemen
Tom Walsh, Morgan Rielly, Brandon Rogers, Roman Josi, Chris Phillips

Scratches
Kyle Wharton (Healthy)

% Time on Ice - Islanders

Lines # - Real PCT - Wanted PCT - Time Play
Normal Forward
1 - 40% - 36% - 16:57
2 - 36% - 33% - 15:03
3 - 18% - 21% - 7:36
4 - 6% - 10% - 2:38
Normal Defense
1 - 34% - 35% - 14:20
2 - 32% - 33% - 13:27
3 - 33% - 32% - 14:02
4 - 1% - 0% - 0:25
PP Forward
1 - 50% - 60% - 2:51
2 - 50% - 40% - 2:54
PP Defense
1 - 56% - 60% - 3:12
2 - 44% - 40% - 2:33
PK Forward
1 - 49% - 50% - 4:53
2 - 51% - 50% - 5:09
PK Defense
1 - 50% - 50% - 5:04
2 - 50% - 50% - 4:58
PK3 Forward
1 - 0% - 50%
2 - 0% - 50%
PK3 Defense
1 - 0% - 50%
2 - 0% - 50%
44 Forward
1 - 39% - 50% - 0:46
2 - 61% - 50% - 1:13
44 Defense
1 - 39% - 50% - 0:46
2 - 61% - 50% - 1:13
Last Minute Offensive  - 0:00
Last Minute Defensive  - 0:00
Total
Forward - 60:00
Defense - 60:00

% Time on Ice - Maple Leafs

Lines # - Real PCT - Wanted PCT - Time Play
Normal Forward
1 - 32% - 29% - 13:20
2 - 25% - 26% - 10:22
3 - 23% - 25% - 9:49
4 - 21% - 20% - 8:43
Normal Defense
1 - 36% - 34% - 15:02
2 - 35% - 33% - 14:49
3 - 29% - 33% - 12:23
4 - 0% - 0% - 0:00
PP Forward
1 - 52% - 50% - 5:16
2 - 48% - 50% - 4:46
PP Defense
1 - 52% - 50% - 5:11
2 - 48% - 50% - 4:51
PK Forward
1 - 52% - 50% - 2:58
2 - 48% - 50% - 2:47
PK Defense
1 - 42% - 50% - 2:24
2 - 58% - 50% - 3:21
PK3 Forward
1 - 0% - 50%
2 - 0% - 50%
PK3 Defense
1 - 0% - 50%
2 - 0% - 50%
44 Forward
1 - 61% - 50% - 1:12
2 - 39% - 50% - 0:47
44 Defense
1 - 62% - 50% - 1:14
2 - 38% - 50% - 0:45
Last Minute Offensive  - 0:00
Last Minute Defensive  - 0:00
Total
Forward - 60:00
Defense - 60:00

Play by Play

1st period


0:01 of 1st period - Joe Thornton wins face-off versus Ryan O'Reilly in neutral zone.
0:26 of 1st period - Shot by Wayne Simmonds.
0:26 of 1st period - Stopped by Robert Esche without a rebound.
0:27 of 1st period - Nazem Kadri wins face-off versus Tomas Fleischmann in Maple Leafs zone.
0:59 of 1st period - Off-side.
1:00 of 1st period - Jarkko Immonen wins face-off versus Vincent Trocheck in neutral zone.
1:15 of 1st period - Shot by Jarkko Immonen.
1:15 of 1st period - Shot Misses the Net.
1:17 of 1st period - Shot by Adam Pardy.
1:17 of 1st period - Stopped by Robert Esche with a rebound.
1:56 of 1st period - Icing by Tom Walsh.
1:57 of 1st period - Vincent Trocheck wins face-off versus Casey Cizikas in Maple Leafs zone.
2:16 of 1st period - Shot by Denis Tolpeko.
2:16 of 1st period - Shot Blocked by Zach Dalpe.
2:18 of 1st period - Shot by Anthony Stewart.
2:18 of 1st period - Shot Misses the Net.
2:20 of 1st period - Shot by Anthony Stewart.
2:20 of 1st period - Deflect By Denis Tolpeko.
2:20 of 1st period - Shot Misses the Net.
2:25 of 1st period - Minor Penalty to Zach Dalpe for Hooking.
2:25 of 1st period - Minor Penalty to Casey Cizikas for Hooking.
2:26 of 1st period - Randall Gelech wins face-off versus Ryan O'Reilly in neutral zone.
4:47 of 1st period - Shot by Joe Thornton.
4:47 of 1st period - Shot Hit the Post.
4:50 of 1st period - Joe Thornton is hit by Brandon Rogers and loses puck.
4:53 of 1st period - Shot by Joe Thornton.
4:53 of 1st period - Shot Misses the Net.
4:57 of 1st period - Shot by Michael Ryder.
4:57 of 1st period - Stopped by Robert Esche without a rebound.
4:58 of 1st period - Nazem Kadri wins face-off versus Tomas Fleischmann in Maple Leafs zone.
5:22 of 1st period - Shot by Marian Hossa.
5:22 of 1st period - Stopped by Robert Esche without a rebound.
5:23 of 1st period - Zach Dalpe wins face-off versus Casey Cizikas in Maple Leafs zone.
5:30 of 1st period - Shot by Riley Armstrong.
5:30 of 1st period - Shot Misses the Net.
5:56 of 1st period - Shot by Roman Josi.
5:56 of 1st period - Stopped by Sergei Bobrovsky without a rebound.
5:57 of 1st period - Ryan O'Reilly wins face-off versus Tomas Fleischmann in Islanders zone.
5:57 of 1st period - Ryan O'Reilly is hit by Adam Pardy.
6:10 of 1st period - Minor Penalty to Adam Pardy for Hooking.
6:11 of 1st period - Vincent Trocheck wins face-off versus Jarkko Immonen in Islanders zone.
6:16 of 1st period - Shot by Tom Walsh.
6:16 of 1st period - Stopped by Sergei Bobrovsky without a rebound.
6:17 of 1st period - Ryan O'Reilly wins face-off versus Anthony Stewart in Islanders zone.
6:42 of 1st period - Brian Sipotz is hit by Tanner Pearson and loses puck.
7:37 of 1st period - Shot by Morgan Rielly.
7:37 of 1st period - Stopped by Sergei Bobrovsky without a rebound.
7:38 of 1st period - Ryan O'Reilly wins face-off versus Jarkko Immonen in Islanders zone.
7:41 of 1st period - Shot by Roman Josi.
7:41 of 1st period - Shot Misses the Net.
7:43 of 1st period - Shot by Ryan O'Reilly.
7:43 of 1st period - Deflect By Tanner Pearson.
7:43 of 1st period - Goal by Tanner Pearson - Islanders : 0 - Maple Leafs : 1.
7:44 of 1st period - Joe Thornton wins face-off versus Zach Dalpe in neutral zone.
9:01 of 1st period - Shot by Marian Hossa.
9:01 of 1st period - Shot Blocked by Roman Josi.
9:23 of 1st period - Shot by William Nylander.
9:23 of 1st period - Shot Misses the Net.
9:36 of 1st period - Icing by Tom Walsh.
9:37 of 1st period - Jarkko Immonen wins face-off versus Nazem Kadri in Maple Leafs zone.
10:06 of 1st period - Minor Penalty to Randall Gelech for Hooking.
10:07 of 1st period - Casey Cizikas wins face-off versus Ryan O'Reilly in Islanders zone.
10:19 of 1st period - Icing by Morgan Rielly.
10:20 of 1st period - Jarkko Immonen wins face-off versus Ryan O'Reilly in Maple Leafs zone.
11:36 of 1st period - Shot by Chris Phillips.
11:36 of 1st period - Deflect By Nazem Kadri.
11:36 of 1st period - Stopped by Sergei Bobrovsky with a rebound.
11:38 of 1st period - Shot by Tom Walsh.
11:38 of 1st period - Deflect By William Nylander.
11:38 of 1st period - Shot Blocked by Grant Clitsome.
12:16 of 1st period - Shot by Oleg Kvasha.
12:16 of 1st period - Stopped by Sergei Bobrovsky with a rebound.
12:41 of 1st period - Shot by Wayne Simmonds.
12:41 of 1st period - Stopped by Robert Esche without a rebound.
12:42 of 1st period - Ryan O'Reilly wins face-off versus Marian Hossa in Maple Leafs zone.
13:51 of 1st period - Shot by Randall Gelech.
13:51 of 1st period - Goal by Randall Gelech - Islanders : 1 - Maple Leafs : 1.
13:52 of 1st period - Nazem Kadri wins face-off versus Joe Thornton in neutral zone.
14:22 of 1st period - Shawn Weller is hit by Michael Ryder and loses puck.
14:27 of 1st period - Shot by Joe Thornton.
14:27 of 1st period - Stopped by Robert Esche without a rebound.
14:28 of 1st period - Ryan O'Reilly wins face-off versus Jarkko Immonen in Maple Leafs zone.
14:55 of 1st period - Shot by Drew Stafford.
14:55 of 1st period - Stopped by Robert Esche without a rebound.
14:56 of 1st period - Vincent Trocheck wins face-off versus Janne Lahti in Maple Leafs zone.
14:58 of 1st period - Icing by Roman Josi.
14:59 of 1st period - Joe Thornton wins face-off versus Vincent Trocheck in Maple Leafs zone.
15:12 of 1st period - Shot by Joe Thornton.
15:12 of 1st period - Stopped by Robert Esche without a rebound.
15:13 of 1st period - Ryan O'Reilly wins face-off versus Tomas Fleischmann in Maple Leafs zone.
15:13 of 1st period - Ryan O'Reilly is hit by Marian Hossa.
15:31 of 1st period - Shot by Nick Foligno.
15:31 of 1st period - Shot Misses the Net.
15:47 of 1st period - Shot by Marian Hossa.
15:47 of 1st period - Stopped by Robert Esche without a rebound.
15:48 of 1st period - Nazem Kadri wins face-off versus Joe Thornton in Maple Leafs zone.
15:52 of 1st period - William Nylander is hit by Grant Clitsome and loses puck.
15:58 of 1st period - Off-side.
15:59 of 1st period - Vincent Trocheck wins face-off versus Jarkko Immonen in neutral zone.
16:08 of 1st period - Shot by Vincent Trocheck.
16:08 of 1st period - Stopped by Sergei Bobrovsky without a rebound.
16:09 of 1st period - Nazem Kadri wins face-off versus Joe Thornton in Islanders zone.
16:12 of 1st period - Shot by Nazem Kadri.
16:12 of 1st period - Goal by Nazem Kadri - Islanders : 1 - Maple Leafs : 2.
16:13 of 1st period - Nazem Kadri wins face-off versus Joe Thornton in neutral zone.
16:19 of 1st period - Shawn Weller is hit by Grant Clitsome and loses puck.
16:24 of 1st period - Shot by Nazem Kadri.
16:24 of 1st period - Shot Misses the Net.
16:30 of 1st period - Shot by Nazem Kadri.
16:30 of 1st period - Shot Misses the Net.
16:32 of 1st period - Shot by Chris Phillips.
16:32 of 1st period - Goal by Chris Phillips - Islanders : 1 - Maple Leafs : 3.
16:33 of 1st period - Vincent Trocheck wins face-off versus Tomas Fleischmann in neutral zone.
16:36 of 1st period - Janne Lahti is hit by Brandon Yip and loses puck.
16:46 of 1st period - Icing by Marian Hossa.
16:47 of 1st period - Tomas Fleischmann wins face-off versus Ryan O'Reilly in Islanders zone.
16:54 of 1st period - Shot by Marian Hossa.
16:54 of 1st period - Stopped by Robert Esche without a rebound.
16:55 of 1st period - Joe Thornton wins face-off versus Ryan O'Reilly in Maple Leafs zone.
17:08 of 1st period - Shot by Michael Ryder.
17:08 of 1st period - Shot Misses the Net.
17:29 of 1st period - Nick Foligno is hit by Grant Clitsome.
17:39 of 1st period - Shot by Mats Zuccarello.
17:39 of 1st period - Shot Blocked by Joe Thornton.
17:41 of 1st period - Shot by Nick Foligno.
17:41 of 1st period - Shot Misses the Net.
17:48 of 1st period - Icing by Michael Ryder.
17:49 of 1st period - Nazem Kadri wins face-off versus Joe Thornton in Islanders zone.
17:52 of 1st period - Shot by Shawn Weller.
17:52 of 1st period - Shot Misses the Net.
17:54 of 1st period - Shot by Brandon Rogers.
17:54 of 1st period - Stopped by Sergei Bobrovsky without a rebound.
17:55 of 1st period - Tomas Fleischmann wins face-off versus Vincent Trocheck in Islanders zone.
18:23 of 1st period - Shot by Tanner Pearson.
18:23 of 1st period - Stopped by Sergei Bobrovsky without a rebound.
18:24 of 1st period - Jarkko Immonen wins face-off versus Nazem Kadri in Islanders zone.
18:30 of 1st period - Minor Penalty to Brandon Rogers for Hooking.
18:31 of 1st period - Oleg Kvasha wins face-off versus Joe Thornton in Maple Leafs zone.
18:42 of 1st period - Shot by Grant Clitsome.
18:42 of 1st period - Shot Misses the Net.
19:39 of 1st period - Shot by Janne Lahti.
19:39 of 1st period - Shot Misses the Net.
19:41 of 1st period - Shot by Marian Hossa.
19:41 of 1st period - Shot Misses the Net.
19:43 of 1st period - Shot by Brian Sipotz.
19:43 of 1st period - Shot Blocked by Chris Phillips.
19:45 of 1st period - Shot by Brian Sipotz.
19:45 of 1st period - Shot Misses the Net.
Goals for this period are 1 for Islanders vs 3 for Maple Leafs.
Shots for this period are 11 for Islanders vs 11 for Maple Leafs.

2nd period


0:01 of 2nd period - Vincent Trocheck wins face-off versus Michael Ryder in neutral zone.
0:40 of 2nd period - Shot by Tomas Fleischmann.
0:40 of 2nd period - Stopped by Robert Esche with a rebound.
0:42 of 2nd period - Shot by Tomas Fleischmann.
0:42 of 2nd period - Shot Hit the Post.
0:44 of 2nd period - Shot by Marian Hossa.
0:44 of 2nd period - Stopped by Robert Esche without a rebound.
0:45 of 2nd period - Ryan O'Reilly wins face-off versus Jarkko Immonen in Maple Leafs zone.
0:45 of 2nd period - Mats Zuccarello is hit by Randall Gelech and loses puck.
0:55 of 2nd period - Nick Foligno is hit by Randall Gelech and loses puck.
1:10 of 2nd period - Icing by Mats Zuccarello.
1:11 of 2nd period - Joe Thornton wins face-off versus Ryan O'Reilly in Maple Leafs zone.
1:12 of 2nd period - Shot by Michael Ryder.
1:12 of 2nd period - Shot Misses the Net.
1:29 of 2nd period - Shot by Joe Thornton.
1:29 of 2nd period - Shot Misses the Net.
1:32 of 2nd period - Icing by Chris Phillips.
1:33 of 2nd period - Tomas Fleischmann wins face-off versus Ryan O'Reilly in Maple Leafs zone.
1:38 of 2nd period - Shot by Tomas Fleischmann.
1:38 of 2nd period - Shot Blocked by Roman Josi.
1:40 of 2nd period - Shot by Grant Clitsome.
1:40 of 2nd period - Stopped by Robert Esche with a rebound.
1:42 of 2nd period - Shot by Mike Lundin.
1:42 of 2nd period - Shot Blocked by Roman Josi.
1:44 of 2nd period - Shot by Grant Clitsome.
1:44 of 2nd period - Shot Misses the Net.
2:05 of 2nd period - Shot by Mike Lundin.
2:05 of 2nd period - Shot Misses the Net.
2:07 of 2nd period - Shot by Marian Hossa.
2:07 of 2nd period - Shot Misses the Net.
2:09 of 2nd period - Shot by Marian Hossa.
2:09 of 2nd period - Deflect By Janne Lahti.
2:09 of 2nd period - Stopped by Robert Esche without a rebound.
2:10 of 2nd period - Joe Thornton wins face-off versus Nazem Kadri in Maple Leafs zone.
2:18 of 2nd period - Icing by Morgan Rielly.
2:19 of 2nd period - Nazem Kadri wins face-off versus Joe Thornton in Maple Leafs zone.
2:19 of 2nd period - Nazem Kadri is hit by Michael Ryder.
2:31 of 2nd period - Michael Ryder is hit by Shawn Weller and loses puck.
2:45 of 2nd period - Michael Ryder is hit by Brandon Rogers.
2:59 of 2nd period - Shot by Wayne Simmonds.
2:59 of 2nd period - Stopped by Robert Esche without a rebound.
3:00 of 2nd period - Zach Dalpe wins face-off versus Tomas Fleischmann in Maple Leafs zone.
3:13 of 2nd period - Icing by Michael Del Zotto.
3:14 of 2nd period - Jarkko Immonen wins face-off versus Zach Dalpe in Maple Leafs zone.
3:18 of 2nd period - Icing by Michael Del Zotto.
3:19 of 2nd period - Tomas Fleischmann wins face-off versus Zach Dalpe in Maple Leafs zone.
3:19 of 2nd period - Marian Hossa is hit by Tom Walsh and loses puck.
3:36 of 2nd period - Marian Hossa is hit by Michael Del Zotto and loses puck.
3:41 of 2nd period - Shot by Tomas Fleischmann.
3:41 of 2nd period - Shot Misses the Net.
3:55 of 2nd period - Icing by Daniel Tjarnqvist.
3:56 of 2nd period - Vincent Trocheck wins face-off versus Tomas Fleischmann in Islanders zone.
4:01 of 2nd period - Shot by Tanner Pearson.
4:01 of 2nd period - Stopped by Sergei Bobrovsky without a rebound.
4:02 of 2nd period - Joe Thornton wins face-off versus Vincent Trocheck in Islanders zone.
4:02 of 2nd period - Joe Thornton is hit by Brandon Yip.
4:45 of 2nd period - Icing by Grant Clitsome.
4:46 of 2nd period - Nazem Kadri wins face-off versus Joe Thornton in Islanders zone.
4:53 of 2nd period - Shot by Nazem Kadri.
4:53 of 2nd period - Deflect By Shawn Weller.
4:53 of 2nd period - Stopped by Sergei Bobrovsky with a rebound.
4:55 of 2nd period - Shot by Shawn Weller.
4:55 of 2nd period - Goal by Shawn Weller - Islanders : 1 - Maple Leafs : 4.
4:56 of 2nd period - Zach Dalpe wins face-off versus Jarkko Immonen in neutral zone.
5:44 of 2nd period - Oleg Kvasha is hit by Randall Gelech and loses puck.
6:36 of 2nd period - Shot by Shawn Weller.
6:36 of 2nd period - Deflect By William Nylander.
6:36 of 2nd period - Stopped by Sergei Bobrovsky without a rebound.
6:37 of 2nd period - Joe Thornton wins face-off versus Vincent Trocheck in Islanders zone.
6:37 of 2nd period - Michael Ryder is hit by Brandon Yip and loses puck.
6:48 of 2nd period - Shot by Brandon Yip.
6:48 of 2nd period - Shot Blocked by Grant Clitsome.
6:54 of 2nd period - Shot by Vincent Trocheck.
6:54 of 2nd period - Shot Misses the Net.
6:56 of 2nd period - Shot by Morgan Rielly.
6:56 of 2nd period - Stopped by Sergei Bobrovsky with a rebound.
6:58 of 2nd period - Shot by Brandon Yip.
6:58 of 2nd period - Stopped by Sergei Bobrovsky without a rebound.
6:59 of 2nd period - Casey Cizikas wins face-off versus Ryan O'Reilly in Islanders zone.
7:01 of 2nd period - Icing by Denis Tolpeko.
7:02 of 2nd period - Casey Cizikas wins face-off versus Mats Zuccarello in Islanders zone.
8:05 of 2nd period - Shot by Vincent Trocheck.
8:05 of 2nd period - Shot Misses the Net.
8:07 of 2nd period - Shot by Vincent Trocheck.
8:07 of 2nd period - Deflect By Tanner Pearson.
8:07 of 2nd period - Shot Misses the Net.
9:07 of 2nd period - Shot by William Nylander.
9:07 of 2nd period - Shot Blocked by Daniel Tjarnqvist.
9:09 of 2nd period - Shot by Nazem Kadri.
9:09 of 2nd period - Stopped by Sergei Bobrovsky without a rebound.
9:10 of 2nd period - Zach Dalpe wins face-off versus Tomas Fleischmann in Islanders zone.
9:43 of 2nd period - Shot by Marian Hossa.
9:43 of 2nd period - Stopped by Robert Esche without a rebound.
9:44 of 2nd period - Jarkko Immonen wins face-off versus Nazem Kadri in Maple Leafs zone.
9:51 of 2nd period - Shot by Adam Pardy.
9:51 of 2nd period - Shot Misses the Net.
9:53 of 2nd period - Shot by Jarkko Immonen.
9:53 of 2nd period - Stopped by Robert Esche with a rebound.
9:58 of 2nd period - Drew Stafford is hit by Morgan Rielly and loses puck.
10:07 of 2nd period - Shot by Randall Gelech.
10:07 of 2nd period - Shot Misses the Net.
10:25 of 2nd period - Morgan Rielly is hit by Adam Pardy and loses puck.
10:52 of 2nd period - Shot by Tom Walsh.
10:52 of 2nd period - Shot Misses the Net.
11:10 of 2nd period - Shot by Vincent Trocheck.
11:10 of 2nd period - Stopped by Sergei Bobrovsky without a rebound.
11:11 of 2nd period - Tomas Fleischmann wins face-off versus Ryan O'Reilly in Islanders zone.
11:13 of 2nd period - Icing by Mike Lundin.
11:14 of 2nd period - Ryan O'Reilly wins face-off versus Tomas Fleischmann in Islanders zone.
11:14 of 2nd period - Ryan O'Reilly is hit by Grant Clitsome.
11:19 of 2nd period - Nick Foligno is hit by Grant Clitsome and loses puck.
11:48 of 2nd period - Shot by Grant Clitsome.
11:48 of 2nd period - Shot Misses the Net.
12:17 of 2nd period - Vincent Trocheck is hit by Brian Sipotz and loses puck.
12:41 of 2nd period - Vincent Trocheck is hit by Brian Sipotz.
12:47 of 2nd period - Shot by Brandon Yip.
12:47 of 2nd period - Stopped by Sergei Bobrovsky without a rebound.
12:48 of 2nd period - Casey Cizikas wins face-off versus Nazem Kadri in Islanders zone.
12:48 of 2nd period - Casey Cizikas is hit by Shawn Weller.
13:19 of 2nd period - Icing by Brandon Rogers.
13:20 of 2nd period - Tomas Fleischmann wins face-off versus Shawn Weller in Maple Leafs zone.
13:20 of 2nd period - Tomas Fleischmann is hit by Brandon Rogers.
13:34 of 2nd period - Shot by Janne Lahti.
13:34 of 2nd period - Shot Misses the Net.
13:38 of 2nd period - Shot by Janne Lahti.
13:38 of 2nd period - Stopped by Robert Esche without a rebound.
13:39 of 2nd period - Joe Thornton wins face-off versus Ryan O'Reilly in Maple Leafs zone.
13:39 of 2nd period - Brian Sipotz is hit by Michael Del Zotto and loses puck.
13:42 of 2nd period - Shot by Joe Thornton.
13:42 of 2nd period - Shot Misses the Net.
13:44 of 2nd period - Shot by Brian Sipotz.
13:44 of 2nd period - Shot Misses the Net.
13:46 of 2nd period - Shot by Michael Ryder.
13:46 of 2nd period - Shot Misses the Net.
13:48 of 2nd period - Shot by Joe Thornton.
13:48 of 2nd period - Shot Misses the Net.
13:54 of 2nd period - Shot by Michael Ryder.
13:54 of 2nd period - Stopped by Robert Esche with a rebound.
14:00 of 2nd period - Shot by Wayne Simmonds.
14:00 of 2nd period - Deflect By Joe Thornton.
14:00 of 2nd period - Shot Misses the Net.
14:01 of 2nd period - Minor Penalty to Michael Del Zotto for Interference.
14:02 of 2nd period - Vincent Trocheck wins face-off versus Tomas Fleischmann in Maple Leafs zone.
15:00 of 2nd period - Icing by Daniel Tjarnqvist.
15:01 of 2nd period - Michael Ryder wins face-off versus Ryan O'Reilly in Islanders zone.
15:01 of 2nd period - Daniel Tjarnqvist is hit by Ryan O'Reilly and loses puck.
15:25 of 2nd period - Icing by Daniel Tjarnqvist.
15:26 of 2nd period - Joe Thornton wins face-off versus Vincent Trocheck in Islanders zone.
15:26 of 2nd period - Joe Thornton is hit by Oleg Kvasha.
15:34 of 2nd period - Shot by Joe Thornton.
15:34 of 2nd period - Stopped by Robert Esche without a rebound.
15:35 of 2nd period - Tomas Fleischmann wins face-off versus Ryan O'Reilly in Maple Leafs zone.
15:46 of 2nd period - Shot by Mike Lundin.
15:46 of 2nd period - Shot Blocked by Chris Phillips.
15:48 of 2nd period - Shot by Janne Lahti.
15:48 of 2nd period - Goal by Janne Lahti - Islanders : 2 - Maple Leafs : 4.
15:49 of 2nd period - Zach Dalpe wins face-off versus Jarkko Immonen in neutral zone.
16:57 of 2nd period - Vincent Trocheck is hit by Adam Pardy and loses puck.
17:00 of 2nd period - Shot by Vincent Trocheck.
17:00 of 2nd period - Stopped by Sergei Bobrovsky without a rebound.
17:01 of 2nd period - Tomas Fleischmann wins face-off versus Ryan O'Reilly in Islanders zone.
17:20 of 2nd period - Shot by Marian Hossa.
17:20 of 2nd period - Stopped by Robert Esche without a rebound.
17:21 of 2nd period - Michael Ryder wins face-off versus Nazem Kadri in Maple Leafs zone.
17:22 of 2nd period - Shot by Joe Thornton.
17:22 of 2nd period - Stopped by Robert Esche without a rebound.
17:23 of 2nd period - Joe Thornton wins face-off versus Ryan O'Reilly in Maple Leafs zone.
17:23 of 2nd period - Wayne Simmonds is hit by Morgan Rielly and loses puck.
17:45 of 2nd period - Off-side.
17:46 of 2nd period - Tomas Fleischmann wins face-off versus William Nylander in neutral zone.
17:48 of 2nd period - Mike Lundin is hit by Michael Del Zotto and loses puck.
18:25 of 2nd period - Shot by Marian Hossa.
18:25 of 2nd period - Goal by Marian Hossa - Islanders : 3 - Maple Leafs : 4.
18:26 of 2nd period - Vincent Trocheck wins face-off versus Joe Thornton in neutral zone.
18:28 of 2nd period - Off-side.
18:29 of 2nd period - Vincent Trocheck wins face-off versus Joe Thornton in neutral zone.
18:29 of 2nd period - Brandon Rogers is hit by Michael Ryder and loses puck.
18:52 of 2nd period - Shot by Tanner Pearson.
18:52 of 2nd period - Shot Misses the Net.
19:08 of 2nd period - Shot by Vincent Trocheck.
19:08 of 2nd period - Shot Misses the Net.
19:15 of 2nd period - Icing by Daniel Tjarnqvist.
19:16 of 2nd period - Joe Thornton wins face-off versus Ryan O'Reilly in Islanders zone.
19:32 of 2nd period - Daniel Tjarnqvist is hit by Chris Phillips.
Goals for this period are 2 for Islanders vs 1 for Maple Leafs.
Shots for this period are 14 for Islanders vs 10 for Maple Leafs.

3rd period


0:01 of 3rd period - Zach Dalpe wins face-off versus Tomas Fleischmann in neutral zone.
0:23 of 3rd period - Off-side.
0:24 of 3rd period - Nazem Kadri wins face-off versus Joe Thornton in neutral zone.
0:40 of 3rd period - Nazem Kadri is hit by Brian Sipotz and loses puck.
0:47 of 3rd period - Shot by William Nylander.
0:47 of 3rd period - Stopped by Sergei Bobrovsky with a rebound.
0:49 of 3rd period - Shot by William Nylander.
0:49 of 3rd period - Stopped by Sergei Bobrovsky without a rebound.
0:50 of 3rd period - Janne Lahti wins face-off versus Vincent Trocheck in Islanders zone.
1:01 of 3rd period - Shot by Mike Lundin.
1:01 of 3rd period - Stopped by Robert Esche with a rebound.
1:29 of 3rd period - Shot by Tanner Pearson.
1:29 of 3rd period - Shot Misses the Net.
1:40 of 3rd period - Icing by Grant Clitsome.
1:41 of 3rd period - Tomas Fleischmann wins face-off versus Nick Foligno in Islanders zone.
1:41 of 3rd period - Tomas Fleischmann is hit by Nick Foligno.
1:56 of 3rd period - Shot by Nick Foligno.
1:56 of 3rd period - Goal by Nick Foligno - Islanders : 3 - Maple Leafs : 5.
1:57 of 3rd period - Joe Thornton wins face-off versus Nazem Kadri in neutral zone.
2:01 of 3rd period - Icing by Shawn Weller.
2:02 of 3rd period - Joe Thornton wins face-off versus Nazem Kadri in Maple Leafs zone.
2:04 of 3rd period - Michael Ryder is hit by Brandon Rogers.
2:14 of 3rd period - Shot by Michael Ryder.
2:14 of 3rd period - Stopped by Robert Esche with a rebound.
2:16 of 3rd period - Shot by Michael Ryder.
2:16 of 3rd period - Stopped by Robert Esche without a rebound.
2:17 of 3rd period - Zach Dalpe wins face-off versus Jarkko Immonen in Maple Leafs zone.
2:17 of 3rd period - Zach Dalpe is hit by Randall Gelech.
2:20 of 3rd period - Minor Penalty to Randall Gelech for Hooking.
2:21 of 3rd period - Jarkko Immonen wins face-off versus Vincent Trocheck in Islanders zone.
2:29 of 3rd period - Off-side.
2:30 of 3rd period - Jarkko Immonen wins face-off versus Ryan O'Reilly in neutral zone.
2:58 of 3rd period - Icing by Morgan Rielly.
2:59 of 3rd period - Ryan O'Reilly wins face-off versus Casey Cizikas in Maple Leafs zone.
3:06 of 3rd period - Shot by Morgan Rielly.
3:06 of 3rd period - Shot Misses the Net.
3:08 of 3rd period - Shot by Ryan O'Reilly.
3:08 of 3rd period - Shot Misses the Net.
3:19 of 3rd period - Shot by Roman Josi.
3:19 of 3rd period - Stopped by Sergei Bobrovsky with a rebound.
3:21 of 3rd period - Shot by Roman Josi.
3:21 of 3rd period - Stopped by Sergei Bobrovsky without a rebound.
3:22 of 3rd period - Vincent Trocheck wins face-off versus Jarkko Immonen in Islanders zone.
4:18 of 3rd period - Icing by Ryan O'Reilly.
4:19 of 3rd period - Ryan O'Reilly wins face-off versus Casey Cizikas in Maple Leafs zone.
4:55 of 3rd period - Riley Armstrong is hit by Adam Pardy and loses puck.
5:09 of 3rd period - Wayne Simmonds is hit by Nick Foligno and loses puck.
5:46 of 3rd period - Shot by Roman Josi.
5:46 of 3rd period - Stopped by Sergei Bobrovsky without a rebound.
5:47 of 3rd period - Nazem Kadri wins face-off versus Tomas Fleischmann in Islanders zone.
6:00 of 3rd period - Shot by William Nylander.
6:00 of 3rd period - Shot Blocked by Grant Clitsome.
6:08 of 3rd period - Shot by Nazem Kadri.
6:08 of 3rd period - Shot Blocked by Grant Clitsome.
6:10 of 3rd period - Shot by Shawn Weller.
6:10 of 3rd period - Deflect By William Nylander.
6:10 of 3rd period - Stopped by Sergei Bobrovsky without a rebound.
6:11 of 3rd period - Vincent Trocheck wins face-off versus Jarkko Immonen in Islanders zone.
6:24 of 3rd period - Minor Penalty to Randall Gelech for Close Hand On Puck.
6:25 of 3rd period - Casey Cizikas wins face-off versus Vincent Trocheck in Islanders zone.
7:41 of 3rd period - Chris Phillips is hit by Brian Sipotz and loses puck.
7:48 of 3rd period - Shot by Chris Phillips.
7:48 of 3rd period - Stopped by Sergei Bobrovsky with a rebound.
7:54 of 3rd period - Shot by Chris Phillips.
7:54 of 3rd period - Shot Misses the Net.
7:56 of 3rd period - Shot by Tom Walsh.
7:56 of 3rd period - Stopped by Sergei Bobrovsky with a rebound.
7:58 of 3rd period - Shot by Tom Walsh.
7:58 of 3rd period - Stopped by Sergei Bobrovsky without a rebound.
7:59 of 3rd period - Casey Cizikas wins face-off versus Ryan O'Reilly in Islanders zone.
8:19 of 3rd period - Icing by Chris Phillips.
8:20 of 3rd period - Ryan O'Reilly wins face-off versus Jarkko Immonen in Maple Leafs zone.
8:45 of 3rd period - Shot by Janne Lahti.
8:45 of 3rd period - Shot Misses the Net.
8:47 of 3rd period - Shot by Tomas Fleischmann.
8:47 of 3rd period - Shot Misses the Net.
8:49 of 3rd period - Shot by Marian Hossa.
8:49 of 3rd period - Stopped by Robert Esche without a rebound.
8:50 of 3rd period - Ryan O'Reilly wins face-off versus Joe Thornton in Maple Leafs zone.
8:50 of 3rd period - Ryan O'Reilly is hit by Michael Ryder.
8:57 of 3rd period - Minor Penalty to Adam Pardy for Tripping.
8:58 of 3rd period - Casey Cizikas wins face-off versus Vincent Trocheck in Islanders zone.
9:18 of 3rd period - Shot by Roman Josi.
9:18 of 3rd period - Stopped by Sergei Bobrovsky without a rebound.
9:19 of 3rd period - Tanner Pearson wins face-off versus Casey Cizikas in Islanders zone.
10:33 of 3rd period - Shot by William Nylander.
10:33 of 3rd period - Shot Misses the Net.
10:35 of 3rd period - Shot by Nazem Kadri.
10:35 of 3rd period - Stopped by Sergei Bobrovsky with a rebound.
10:37 of 3rd period - Shot by Morgan Rielly.
10:37 of 3rd period - Stopped by Sergei Bobrovsky without a rebound.
10:38 of 3rd period - Vincent Trocheck wins face-off versus Jarkko Immonen in Islanders zone.
11:14 of 3rd period - Shot by Zach Dalpe.
11:14 of 3rd period - Shot Misses the Net.
11:16 of 3rd period - Shot by Brandon Rogers.
11:16 of 3rd period - Stopped by Sergei Bobrovsky without a rebound.
11:17 of 3rd period - Tomas Fleischmann wins face-off versus Ryan O'Reilly in Islanders zone.
11:22 of 3rd period - Daniel Tjarnqvist is hit by Nick Foligno and loses puck.
11:42 of 3rd period - Nick Foligno is hit by Brian Sipotz and loses puck.
11:45 of 3rd period - Shot by Nick Foligno.
11:45 of 3rd period - Shot Misses the Net.
12:12 of 3rd period - Minor Penalty to Michael Ryder for Tripping.
12:13 of 3rd period - Casey Cizikas wins face-off versus Vincent Trocheck in Islanders zone.
12:19 of 3rd period - Icing by Nazem Kadri.
12:20 of 3rd period - Vincent Trocheck wins face-off versus Casey Cizikas in Maple Leafs zone.
12:31 of 3rd period - Shot by Nazem Kadri.
12:31 of 3rd period - Stopped by Sergei Bobrovsky without a rebound.
12:32 of 3rd period - Vincent Trocheck wins face-off versus Jarkko Immonen in Islanders zone.
12:43 of 3rd period - Shot by Vincent Trocheck.
12:43 of 3rd period - Deflect By Nazem Kadri.
12:43 of 3rd period - Shot Misses the Net.
12:45 of 3rd period - Shot by Tom Walsh.
12:45 of 3rd period - Goal by Tom Walsh - Islanders : 3 - Maple Leafs : 6.
12:46 of 3rd period - Ryan O'Reilly wins face-off versus Joe Thornton in neutral zone.
12:46 of 3rd period - Brandon Rogers is hit by Michael Ryder and loses puck.
12:52 of 3rd period - Icing by Brandon Rogers.
12:53 of 3rd period - Ryan O'Reilly wins face-off versus Wayne Simmonds in Maple Leafs zone.
12:53 of 3rd period - Ryan O'Reilly is hit by Wayne Simmonds.
12:58 of 3rd period - Nick Foligno is hit by Brian Sipotz and loses puck.
13:22 of 3rd period - Brandon Rogers is hit by Brian Sipotz and loses puck.
13:55 of 3rd period - Minor Penalty to Shawn Weller for Tripping.
13:56 of 3rd period - Vincent Trocheck wins face-off versus Tomas Fleischmann in Maple Leafs zone.
14:27 of 3rd period - Shot by Brian Sipotz.
14:27 of 3rd period - Shot Misses the Net.
14:48 of 3rd period - Shot by Grant Clitsome.
14:48 of 3rd period - Shot Misses the Net.
14:50 of 3rd period - Shot by Joe Thornton.
14:50 of 3rd period - Deflect By Michael Ryder.
14:50 of 3rd period - Stopped by Robert Esche without a rebound.
14:51 of 3rd period - Ryan O'Reilly wins face-off versus Janne Lahti in Maple Leafs zone.
15:02 of 3rd period - Shot by Grant Clitsome.
15:02 of 3rd period - Stopped by Robert Esche without a rebound.
15:03 of 3rd period - Ryan O'Reilly wins face-off versus Joe Thornton in Maple Leafs zone.
15:17 of 3rd period - Shot by Michael Ryder.
15:17 of 3rd period - Stopped by Robert Esche without a rebound.
15:18 of 3rd period - Ryan O'Reilly wins face-off versus Tomas Fleischmann in Maple Leafs zone.
15:45 of 3rd period - Shot by Tomas Fleischmann.
15:45 of 3rd period - Stopped by Robert Esche without a rebound.
15:46 of 3rd period - Joe Thornton wins face-off versus Ryan O'Reilly in Maple Leafs zone.
15:51 of 3rd period - Shot by Michael Ryder.
15:51 of 3rd period - Shot Blocked by Tom Walsh.
16:11 of 3rd period - Shot by Randall Gelech.
16:11 of 3rd period - Deflect By Drew Stafford.
16:11 of 3rd period - Stopped by Robert Esche without a rebound.
16:12 of 3rd period - Vincent Trocheck wins face-off versus Joe Thornton in Maple Leafs zone.
16:18 of 3rd period - Chris Phillips is hit by Mike Lundin and loses puck.
16:27 of 3rd period - Roman Josi is hit by Michael Ryder and loses puck.
16:39 of 3rd period - Michael Ryder is hit by Chris Phillips and loses puck.
17:06 of 3rd period - Marian Hossa is hit by Brandon Yip and loses puck.
17:17 of 3rd period - Shot by Trevor Van Riemsdyk.
17:17 of 3rd period - Stopped by Robert Esche without a rebound.
17:18 of 3rd period - Nazem Kadri wins face-off versus Jarkko Immonen in Maple Leafs zone.
17:18 of 3rd period - Nazem Kadri is hit by Randall Gelech.
17:28 of 3rd period - Off-side.
17:29 of 3rd period - Nick Foligno wins face-off versus Tomas Fleischmann in neutral zone.
18:03 of 3rd period - Shot by Nick Foligno.
18:03 of 3rd period - Shot Misses the Net.
18:05 of 3rd period - Shot by Mats Zuccarello.
18:05 of 3rd period - Shot Misses the Net.
18:07 of 3rd period - Shot by Morgan Rielly.
18:07 of 3rd period - Shot Misses the Net.
18:43 of 3rd period - Shot by William Nylander.
18:43 of 3rd period - Shot Blocked by Janne Lahti.
18:45 of 3rd period - Shot by Nazem Kadri.
18:45 of 3rd period - Stopped by Sergei Bobrovsky without a rebound.
18:46 of 3rd period - Zach Dalpe wins face-off versus Joe Thornton in Islanders zone.
18:46 of 3rd period - Riley Armstrong is hit by Brian Sipotz and loses puck.
18:59 of 3rd period - Michael Ryder is hit by Zach Dalpe and loses puck.
19:15 of 3rd period - Chris Phillips is hit by Brian Sipotz and loses puck.
19:47 of 3rd period - Icing by Chris Phillips.
19:48 of 3rd period - Casey Cizikas wins face-off versus Zach Dalpe in Maple Leafs zone.
Goals for this period are 0 for Islanders vs 2 for Maple Leafs.
Shots for this period are 10 for Islanders vs 17 for Maple Leafs.